 Dungeon Crawl Stone Soup version 0.31-a0-675-g238779eb0a (webtiles) character file.

Game seed: 4417211756181279833

88 qw the Shooter (level 4, -2/28 HPs)
             Began as a Gargoyle Hunter on Sept 5, 2023.
             Killed by nerve-wracking pain
             ... invoked by Grinder
              (4 damage)
             ... on level 3 of the Dungeon.
             The game lasted 00:00:39 (1567 turns).

qw the Shooter (Gargoyle Hunter)                    Turns: 1567, Time: 00:00:39

Health: -2/28      AC:  8    Str: 21    XL:     4   Next: 54%
Magic:  4/4        EV: 11    Int:  9    God:
Gold:   120        SH:  0    Dex: 15    Spells: 3/3 levels left

rFire   . . .        Y - +0 shortbow
rCold   . . .        (shield currently unavailable)
rNeg    + . .        a - +0 ring mail
rPois   inf          (no helmet)
rElec   +            (no cloak)
rCorr   .            (no gloves)
SInv    .            (no boots)
Will    .....        (no amulet)
Stlth   +            f - +6 ring of strength
HPRegen 0.24/turn    (no ring)
MPRegen 0.09/turn

%: no passive effects
@: no status effects
A: sickness immunity, AC +3, negative energy resistance 1, electricity
resistance, torment resistance 1, petrification resistance
a: no special abilities


You were on level 3 of the Dungeon.
You visited 1 branch of the dungeon, and saw 3 of its levels.

You collected 120 gold pieces.


Innate Abilities, Weirdness & Mutations

You are immune to sickness and miasma.
Your stone body is resilient. (AC +3)
You are immune to poison.
You resist negative energy. (rN+)
You are resistant to electric shocks. (rElec)
You are resistant to unholy torment.
You are immune to petrification.


   Skills:
 - Level 3.0 Fighting
 + Level 5.3 Ranged Weapons
 - Level 1.0 Armour
 - Level 1.5 Dodging
 - Level 1.1 Stealth


You had 3 spell levels left.
You didn't know any spells.
Your spell library was empty.

Inventory:

Hand Weapons
 Y - a +0 shortbow (weapon)
Armour
 a - a +0 ring mail (worn)
Jewellery
 f - a +6 ring of strength (left hand)
Potions
 d - a potion of curing {unknown}
 e - a potion of berserk rage {unknown}
 g - a potion of attraction {unknown}
 i - a potion of heal wounds {unknown}
 j - a potion of mutation {unknown}

Dungeon Overview and Level Annotations

Branches:
Dungeon (3/15)

Altars:
Qazlal

Shops:
D:1 (   D:2 :

Annotations:
D:3 Grinder


Message History

You barely resist. You shoot an arrow. The arrow closely misses Grinder.
You shoot an arrow. The arrow hits Grinder.
Grinder is moderately wounded.
Grinder blinks!
You start resting.
Grinder is nearby!
You shoot an arrow. The arrow closely misses Grinder.
You shoot an arrow. The arrow hits Grinder!
Grinder is heavily wounded.
Grinder gestures at you.
You barely resist. You shoot an arrow.
The arrow hits Grinder but does no damage.
Grinder is heavily wounded.
You shoot an arrow. The arrow closely misses Grinder.
Grinder hits you.
You writhe in agony.
Grinder hits you.
You writhe in agony.
You shoot an arrow. The arrow barely misses Grinder.
Grinder hits you but does no damage.
You shoot an arrow. The arrow closely misses Grinder.
Grinder hits you.
You writhe in agony.
You shoot an arrow.
The arrow hits Grinder but does no damage.
Grinder is heavily wounded.
Grinder blinks!
You start resting.
Grinder is nearby!
You shoot an arrow. The arrow hits Grinder.
Grinder is severely wounded.
You shoot an arrow. The arrow completely misses Grinder.
Grinder hits you.
You writhe in agony.
You shoot an arrow. The arrow closely misses Grinder.
Grinder says, "Tell me all your secrets, or I'll kill you."
Grinder completely misses you.
You shoot an arrow. The arrow hits Grinder.
Grinder is almost dead.
Grinder gestures at you. Pain shoots through your body!
You die...
Grinder says, "Now the real fun starts!"

# #.## ###### #...$
#.)..# ......#.##.#
......5@.#.#
......#..#.#
######.......#..#.#
###...........
####.#
.##........... #.#
.##.......... #.#
<...####..... #.#
%...# #.# ....#####
#.#


You could see Grinder.

Vanquished Creatures
  2 adders
  3 dart slugs
  An orc (D:3)
  6 ball pythons
  2 bats
  6 endoplasms
  2 giant cockroaches
  6 goblins
  8 hobgoblins
  4 jackals (D:1)
  7 kobolds
  2 quokkas (D:1)
  5 frilled lizards
  2 rats (D:2)
56 creatures vanquished.

Notes
Turn   | Place    | Note
-------+----------+-------------------------------------------
     0 | D:1      | qw the Gargoyle Hunter began the quest for the Orb.
     0 | D:1      | Reached XP level 1. HP: 12/12 MP: 1/1
     0 | D:1      | 0 ||| qw: Version: 0.3-a-75-g829b12e
     0 | D:1      | 0 ||| qw: Game counter: 66
     0 | D:1      | 0 ||| qw: Melee chars always use a shield: true
     0 | D:1      | 0 ||| qw: God list: Okawaru
     0 | D:1      | 0 ||| qw: Allow faded altars: false
     0 | D:1      | 0 ||| qw: Do Orc after clearing Dungeon:15 true
     0 | D:1      | 0 ||| qw: Do second Lair branch before Depths: true
     0 | D:1      | 0 ||| qw: Lair rune preference: random
     0 | D:1      | 0 ||| qw: Goals: Normal
     0 | D:1      | 0 ||| PLANNING D:1-11
    28 | D:1      | Reached XP level 2. HP: 9/17 MP: 2/2
   144 | D:1      | Found Edit Ac Pitz's Antique Weapon Boutique.
   153 | D:1      | 153 ||| SHOPLISTING glowing sling (108 gold, have 14).
   270 | D:1      | Reached XP level 3. HP: 21/21 MP: 3/3
   387 | D:1      | Reached skill level 5 in Ranged Weapons
   688 | D:1      | 688 ||| READING scroll labelled ROECYI KUBEU.
   689 | D:1      | 689 ||| READING scroll labelled CAH UCURHONYA.
   690 | D:1      | 690 ||| READING scroll labelled AMPINE KITUO.
   691 | D:1      | 691 ||| DROPPING scroll of butterflies.
   819 | D:2      | Reached skill level 3 in Fighting
   959 | D:2      | Reached XP level 4. HP: 28/28 MP: 4/4
   964 | D:2      | Found a stormy altar of Qazlal.
  1150 | D:2      | Found Wastudof's Book Shop.
  1411 | D:2      | 1411 ||| UPGRADING to +0 ring mail.
  1421 | D:2      | 1421 ||| DROPPING +0 leather armour.
  1422 | D:2      | 1422 ||| UPGRADING to +6 ring of strength.
  1423 | D:2      | 1423 ||| READING scroll labelled RUOFAX IDDIGRA.
  1424 | D:2      | 1424 ||| READING scroll labelled INEAL DUOMOOWN.
  1449 | D:3      | 1449 ||| PLANNING SEWER
  1459 | D:3      | Reached skill level 1 in Armour
  1529 | D:3      | Noticed Grinder
  1531 | D:3      | Paralysed by Grinder for 4 turns
  1548 | D:3      | Paralysed by Grinder for 4 turns
  1561 | D:3      | HP: 5/28 [Grinder (6)]
  1565 | D:3      | HP: 1/28 [Grinder (2)]
  1567 | D:3      | Killed from afar by Grinder

Levels and vault maps discovered:
D:1:      dpeg_arrival_short_road, layout_basic, serial_shops, shop,
          st_stairs_9, minmay_pentomino_s4
D:2:      layout_loops_cross, basic_altar, serial_shops, nicolae_shop_peninsula,
          kennysheep_flooded_box
D:3:      layout_basic, gammafunk_ghost_mausoleum,
          cheibrodos_sewer_entry_sluice, uniq_sigmund, uniq_grinder

Skill      XL: |  1  2  3  4 |
---------------+-------------+-----
Ranged Weapons | 5 |  5.3
Fighting       | 3 |  3.0
Armour         | 1 |  1.0
Dodging        | |  1.5
Stealth        | |  1.1

Action                     |  1- 3 |  4- 6 || total
---------------------------+-------+-------++-------
   Fire: Shortbow          |   107 |    57 ||   164
    Use: Scroll            |     3 |     2 ||     5
 Armour: Leather armour    |    12 |       ||    12
         Ring mail         |       |    12 ||    12
  Dodge: Dodged            |    16 |    13 ||    29

Table legend:
 A = Non-vault XP
 B = Vault XP
 C = Vault XP percentage of total XP
 D = Non-vault monster count
 E = Vault monster count
 F = Vault count percentage of total count
                 A         B        C        D         E       F
            +---------+---------+-------+---------+---------+-------
      Total |     111 |      16 |  12.6 |      49 |       7 |  12.5
            +---------+---------+-------+---------+---------+-------
        D:1 |      47 |      14 |  23.0 |      27 |       6 |  18.2
        D:2 |      46 |       0 |   0.0 |      19 |       0 |   0.0
        D:3 |      18 |       2 |  10.0 |       3 |       1 |  25.0
            +---------+---------+-------+---------+---------+-------
